AoeStats
← Lucierna111

Arena

510262625Analyzed
1v1 RM · 2d ago on Sep 30, 2026· 53m 3s· 2 players
Game mode
Random Map
Map size
Tiny (2 player)
Population
200
Speed
Normal
Resources
Standard
Victory
Conquest
Starting age
Dark Age
Ending age
Imperial Age
RankedLock teamsTeams togetherTeam positionsShared explorationLock speedFull tech treeHidden civsTurbo modeCheats
Victory
Defeat
🇩🇪 Poles · Germany
651
+16
🇦🇷 Huns · Argentina
650
-16
Lucierna111
10:28 Feudal Age
9:14 Loom
14:14 Wheelbarrow
14:33 Double-Bit Axe
14:29 Horse Collar
17:08 Stone Mining
20:49 Castle Age
21:19 Bloodlines
21:58 Scale Barding Armor
23:31 Chain Barding Armor
23:40 Heavy Plow
24:05 Husbandry
23:36 Light Cavalry
25:36 Forging
26:51 Bow Saw
27:59 Iron Casting
28:22 Hand Cart
30:33 Gold Mining
33:03 Gold Shaft Mining
36:06 Imperial Age
33:24 Town Watch
34:48 Marauders
36:29 Town Watch
38:08 Conscription
38:12 Atheism
39:58 Plate Barding Armor
40:46 Blast Furnace
40:24 Guilds
40:58 Town Patrol
42:44 Fletching
44:15 Murder Holes
44:31 Masonry
44:43 Ballistics
45:40 Bodkin Arrow
46:50 Chemistry
Prof79
12:32 Feudal Age
14:18 Double-Bit Axe
14:14 Horse Collar
16:05 Wheelbarrow
15:15 Loom
19:10 Castle Age
17:51 Town Watch
17:34 Man-at-Arms
19:53 Long Swordsman
20:45 Bow Saw
21:37 Heavy Plow
24:32 Pikeman
25:56 Squires
27:08 Scale Mail Armor
27:20 Forging
27:23 Stone Mining
27:28 Gold Mining
29:32 Treadmill Crane
30:36 Fletching
31:41 Stone Shaft Mining
35:17 Imperial Age
33:05 Hand Cart
33:40 Scale Barding Armor
34:11 Iron Casting
33:31 Bodkin Arrow
33:53 Chain Mail Armor
33:36 Murder Holes
34:03 Ballistics
33:54 Masonry
33:58 Fortified Wall
33:14 Light Cavalry
34:05 Bloodlines
33:56 Husbandry
35:03 Szlachta Privileges
36:39 Crop Rotation
36:32 Conscription
35:35 Cavalier
37:11 Chain Barding Armor
37:52 Blast Furnace
36:53 Bracer
36:44 Winged Hussar
38:03 Hoardings
37:52 Lechitic Legacy
38:52 Chemistry
38:32 Plate Mail Armor
38:10 Town Patrol
41:04 Bombard Tower
40:50 Siege Engineers
43:22 Fervor
43:13 Devotion
43:34 Sanctity
43:30 Block Printing
43:11 Herbal Medicine
43:52 Theocracy
43:27 Redemption
44:27 Guard Tower
44:23 Arrowslits
45:55 Keep
46:23 Padded Archer Armor
46:38 Clinker Construction
Connection lost

Rejoining the realm…

Still unreachable

The connection could not be restored.

Session expired

The server has moved on; the page needs a fresh start.